mech vs rangers pachino

Match 18482240
End
Pioneer Squad
Pioneer Squad
Construct Infanterie Kompanie
MG 42 Machine Gun Team
Grenadier Squad
Grenadier Squad
Construct Luftwaffe Kompanie
Jäger Squad
Medical Station
Selects Mechanized Battlegroup
Selects Raid Package
Selects 8 Rad Armored Car
8 Rad Armored Car
Flak 30 Anti-aircraft Gun Team
Construct Panzergrenadier Kompanie
Support Elements
Nebelwerfer 42 Rocket Launcher Team
Panzergrenadier Squad
Panzergrenadier Officer Quarters
Construct Panzer Kompanie
Stoßtruppen Squad
Panzer IV Medium Tank
Selects Spotting Scopes
Selects Mechanized Assault
Selects Wespe Self-propelled Artillery
Pak 40 Anti-tank Gun Team
Side Skirts
Selects Panther Heavy Tank
Panther Heavy Tank
Sturmpanzer IV Brummbär
Mechanized Assault
Dumais
RtN.havoc
0
0

Comments sign in to comment!

No comments posted yet!